 Dungeon Crawl Stone Soup version 0.22-a0-283-g1871b15 (webtiles) character file.

176702 RoseArtemis the Executioner (level 17, -16/160 HPs)
             Began as a Minotaur Fighter on Mar 18, 2018.
             Was a High Priest of Okawaru.
             Demolished by a naga warrior
             ... wielding a +0 dire flail
              (25 damage)
             ... on level 3 of the Snake Pit.
             The game lasted 01:52:12 (35248 turns).

RoseArtemis the Executioner (Minotaur Fighter)     Turns: 35248, Time: 01:52:13

Health: -16/160    AC: 26    Str: 23    XL:     17   Next: 24%
Magic:  22/22      EV: 17    Int:  6    God:    Okawaru [*****.]
Gold:   2632       SH:  2    Dex: 14    Spells: 16/16 levels left

rFire    + . .     SeeInvis .   a - +6 battleaxe (flame)
rCold    + + .     Gourm    .   (shield currently unavailable)
rNeg     . . .     Faith    .   R - +3 plate armour {rC+}
rPois    +         Spirit   .   Z - +0 hat "Jajolaops" {+Fly rElec rCorr Stlth+}
rElec    +         Reflect  +   Q - scarf {rC+ rF+}
rCorr    +         Harm     .   p - +0 pair of gloves
MR       +....                  c - +2 pair of boots {Fly}
Stlth    +.........             H - +2 amulet of reflection
HPRegen  0.36/turn              A - ring of Shadows {Umbra +Inv Stlth+}
MPRegen  0.18/turn              I - ring of poison resistance

@: heroism, flying, wreathed by umbra
A: retaliatory headbutt, horns 2
}: 1/15 runes: decaying
a: Heroism, Finesse, Renounce Religion, Evoke Invisibility, Stop Flying


You were on level 3 of the Snake Pit.
You worshipped Okawaru.
Okawaru was extremely pleased with you.
You were not hungry.

You visited 6 branches of the dungeon, and saw 31 of its levels.
You also visited: Ossuary and Ice Cave.

You collected 3024 gold pieces.
You spent 392 gold pieces at shops.

Inventory:

Hand Weapons
 a - a +6 battleaxe of flaming (weapon)
 b - the +10 spear of Uskayaw's Whim {holy, rPois rN+ Stlth+}
   (You found it on level 1 of the Swamp)

   It has been blessed by the Shining One to cause great damage to the undead
   and demons.
   It protects you from poison.
   It protects you from negative energy.
   It makes you more stealthy.
Armour
 c - a +2 pair of boots of flying (worn)
 p - a +0 pair of gloves (worn)
 Q - a scarf of resistance (worn)
 R - a +3 plate armour of cold resistance (worn)
 Z - the +0 hat "Jajolaops" (worn) {+Fly rElec rCorr Stlth+}
   (Okawaru gifted it to you on level 13 of the Dungeon)

   It insulates you from electricity.
   It lets you fly.
   It protects you from acid and corrosion.
   It makes you more stealthy.
Jewellery
 m - an uncursed ring of ice
 o - an uncursed ring of positive energy
 q - an uncursed ring of see invisible
 r - an uncursed ring of protection from magic
 y - an uncursed ring of ice
 A - the ring of Shadows (left hand) {Umbra +Inv Stlth+}
   (You took it off a crimson imp on level 7 of the Dungeon)

   [ring of stealth]

   It lets you turn invisible.
   It makes you more stealthy.
 H - a +2 amulet of reflection (around neck)
 I - a ring of poison resistance (right hand)
 V - an uncursed amulet of magic regeneration {unknown}
 W - an uncursed ring of protection from magic
 Y - an uncursed ring of protection from magic
Wands
 g - a wand of digging (10)
 j - a wand of polymorph (28)
 x - a wand of clouds (14)
 G - a wand of flame (109)
 J - a wand of disintegration (32)
 L - a wand of iceblast (13)
 P - a wand of acid (19)
 S - a wand of enslavement (13)
Scrolls
 e - 4 scrolls of fog
 h - 9 scrolls of fear
 i - 7 scrolls of teleportation
 k - 3 scrolls of enchant armour
 u - 19 scrolls of remove curse
 w - 9 scrolls of amnesia
 C - 3 scrolls of magic mapping
 F - a scroll of vulnerability {unknown}
 O - a scroll of brand weapon {unknown}
Potions
 d - 9 potions of might
 l - 2 potions of resistance
 n - 9 potions of cancellation
 s - 7 potions of lignification
 t - 4 potions of invisibility
 v - 3 potions of mutation {unknown}
 z - 4 potions of haste
 B - 5 potions of berserk rage
 D - 4 potions of agility
 K - a potion of curing
 M - 3 potions of magic
 T - a potion of ambrosia {unknown}
 U - 3 potions of brilliance {unknown}
Comestibles
 f - 53 rations
 E - 10 chunks of flesh


   Skills:
 + Level 16.8(21.8) Fighting
 - Level 22.0(27) Axes
 - Level 13.3(18.3) Armour
 + Level 12.9(17.9) Dodging
   Level 11.0(16.0) Shields
 - Level 8.0 Invocations


You had 16 spell levels left.
You didn't know any spells.

Dungeon Overview and Level Annotations

Branches:
Dungeon (15/15)            Temple (1/1) D:5            Lair (6/6) D:10
  Swamp (4/4) Lair:4        Snake (3/4) Lair:3        Slime (0/5) Lair:6
    Orc (2/2) D:12            Elf (0/3) Orc:2        Vaults (0/5) D:14
 Depths (0/5) D:15

Altars:
Ashenzari
Cheibriados
Dithmenos
Elyvilon
Fedhas
Gozag
Hepliaklqana
Kikubaaqudgha
Makhleb
Nemelex Xobeh
Okawaru
Qazlal
Ru
Sif Muna
Trog
Uskayaw
Vehumet
Wu Jian
Xom
Yredelemnul
Zin
The Shining One
Beogh

Shops:
D:13 !   Orc:2 ?![!   Snake:1 =}=

Portals:
Hell: Lair:6

Annotations:
Lair:4 exclusion: 2 oklob plants
Swamp:1 1 runed door
Swamp:3 exclusion: Roxanne, Roxanne
Snake:1 1 runed door
Snake:3 Vashnia


Innate Abilities, Weirdness & Mutations

You reflexively headbutt those who attack you in melee.
You have a pair of horns on your head.


Message History

The bolt hits you but does no damage.
As you read the scroll of teleportation, it crumbles to dust.
You feel strangely unstable.
The naga sharpshooter casts a spell.
The naga sharpshooter magically shoots an arrow.
The arrow hits you!!
* * * LOW HITPOINT WARNING * * *
The naga sharpshooter spits poison at you.
The splash of poison hits you! You resist.
Vashnia blinks!
Your surroundings suddenly seem different.
A naga warrior comes into view. It is wielding a dire flail.
The naga warrior shouts!
The naga warrior spits poison at you. The splash of poison hits you!
You resist.
Found a paperback book.
Found a stone staircase leading down.
You miss the naga warrior. You barely miss the naga warrior.
The naga warrior hits you with a dire flail!!
You die...

...
##.....
......##
#.....
..>...##
#...##
#......###
##...#
........#
##...
#......:##
###.
........#
.#..
#........
........
#@.......
........
##N......
........
...###.
.......[
#....
........
##....
###.....
###.
##....
#... ##..
##


You could see a naga warrior.

Vanquished Creatures
  Rupert (D:13)
  The ghost of Gorglomux the Warrior, an adept MiEE of Gozag (Swamp:4)
  Frances (Snake:1)
  A thorn hunter (Swamp:4)
  Donald (Swamp:3)
  Aizul (Snake:2)
  A caustic shrike zombie (D:15)
  The ghost of matakusis the Eclecticist, a journeyman DESu of Sif Muna (Snake:1)
  An ettin (Lair:4)
  A rakshasa (D:14)
  2 ghost crabs
  3 naga warriors (Snake:2)
  3 death knights
  24 hydras
  3 centaur warriors (D:14)
  The ghost of 4thArraOfDagon the Carver, a journeyman FoWr of Yredelemnul (D:13)
  18 two-headed ogres
  4 anacondas
  A vampire mage (D:15)
  8 alligators
  4 ogre magi (Orc:2)
  Urug (D:13)
  A naga sharpshooter (Snake:2)
  4 shock serpents
  A fire crab (shapeshifter) (D:14)
  3 skeletal warriors (D:15)
  A spark wasp zombie (D:15)
  A salamander mystic (Snake:2)
  4 unseen horrors
  A sixfirhy (Lair:6)
  A naga ritualist (Snake:3)
  4 spriggan druids
  A phantasmal warrior (D:15)
  11 swamp dragons
  2 wizards
  A necromancer (D:15)
  2 mana vipers
  2 wolf spider zombies
  Pikel (D:7)
  An orc knight (Orc:1)
  An orc sorcerer (Orc:2)
  An oklob plant (D:10)
  4 cyclopes
  2 salamanders
  2 manticores
  An elephant (shapeshifter) (D:14)
  A manticore (shapeshifter) (D:14)
  A guardian serpent (Snake:1)
  9 ugly things
  An elephant (Lair:6)
  A frost giant skeleton (D:15)
  6 black mambas
  8 naga magi
  5 centaur zombies
  A smoke demon (Lair:6)
  An eye of devastation (Lair:6)
  2 ice statues (IceCv)
  An orange demon (Lair:6)
  A gargoyle (D:15)
  2 centaur skeletons
  15 spiny frogs
  7 komodo dragons
  An efreet (D:15)
  3 freezing wraiths (D:15)
  7 rime drakes
  A yaktaur (shapeshifter) (D:14)
  5 ice devils
  A red devil (Lair:6)
  4 tyrant leeches
  A polar bear (Lair:4)
  4 hornets (Swamp:2)
  9 trolls
  3 meliai (Lair:6)
  A queen bee (Lair:6)
  2 tengu conjurers (D:15)
  Prince Ribbit (D:9)
  4 bog bodies
  28 blink frogs
  8 hippogriffs
  A meliai zombie (D:11)
  29 slime creatures
  An ettin zombie (D:15)
  4 dream sheep (Lair:4)
  A vampire (D:15)
  4 wraiths
  A centaur simulacrum (D:15)
  3 spriggans (Swamp:2)
  A wyvern (Lair:3)
  A human (shapeshifter) (D:15)
  31 yaks
  Grum (D:10)
  A basilisk (Lair:3)
  8 vampire mosquitoes
  8 hungry ghosts
  14 swamp worms
  Menkaure (D:7)
  An acid dragon (D:11)
  3 wargs
  19 nagas
  4 hell hounds (Lair:6)
  6 water moccasins
  6 insubstantial wisps
  2 soldier ants
  9 porcupines
  12 swamp drakes
  11 ice beasts
  25 orc warriors
  A sky beast (shapeshifter) (D:13)
  An eye of draining (Lair:6)
  8 sky beasts
  3 phantoms
  A black bear (D:13)
  3 necrophages
  32 ogres
  7 wolves
  9 crocodiles
  14 centaurs
  An elf zombie (Ossuary)
  30 bullfrogs
  2 wyvern skeletons
  4 scorpions
  40 killer bees
  8 howler monkeys
  15 wights
  16 crimson imps
  A bullfrog zombie (D:13)
  6 jellies
  22 orc priests
  8 hounds
  3 bullfrog skeletons
  7 iguanas
  16 orc wizards
  25 worker ants
  3 hound skeletons
  3 mummies (Ossuary)
  A worker ant zombie (D:5)
  13 gnolls
  12 adders
  5 shadow imps
  A white imp (D:7)
  3 oozes
  An adder skeleton (D:6)
  2 adder zombies
  5 worms
  A dart slug (D:2)
  8 leopard geckos
  124 orcs
  7 giant cockroaches
  3 gnoll zombies (Ossuary)
  12 goblins
  5 hobgoblins
  16 jackals
  4 quokkas
  A ball python zombie (D:4)
  2 bats
  3 frilled lizards
  4 goblin zombies (Ossuary)
  2 hobgoblin zombies (Ossuary)
  A jackal skeleton (D:6)
  6 kobolds
  A kobold zombie (Ossuary)
  2 leopard gecko skeletons (D:7)
  2 quokka zombies
  8 rats
  5 fungi
  2 plants (D:10)
1039 creatures vanquished.

Vanquished Creatures (collateral kills)
  A hydra (Lair:6)
  A crocodile (Lair:6)
2 creatures vanquished.

Vanquished Creatures (others)
  A tyrant leech (Swamp:3)
  A slime creature (Swamp:4)
  An orc warrior (Orc:1)
  A centaur (D:10)
  A scorpion (D:7)
  A jelly (D:7)
  An adder (D:7)
  2 leopard geckos (D:7)
  5 withered plants (D:15)
14 creatures vanquished.

Grand Total: 1055 creatures vanquished

Notes
Turn   | Place    | Note
-------+----------+-------------------------------------------
     0 | D:1      | RoseArtemis the Minotaur Fighter began the quest for the Orb.
     0 | D:1      | Reached XP level 1. HP: 19/19 MP: 0/0
    98 | D:1      | Reached XP level 2. HP: 26/27 MP: 1/1
   110 | D:1      | Reached skill level 3 in Axes
   249 | D:1      | Reached XP level 3. HP: 30/33 MP: 2/2
   341 | D:1      | Found a shattered altar of Ashenzari.
   909 | D:2      | Found an iron altar of Okawaru.
   909 | D:2      | Found a snail-covered altar of Cheibriados.
   909 | D:2      | Found an opulent altar of Gozag.
   909 | D:2      | Found a burning altar of Makhleb.
   920 | D:2      | Became a worshipper of Warmaster Okawaru
  1270 | D:2      | Reached XP level 4. HP: 40/40 MP: 3/3
  1334 | D:2      | Reached skill level 4 in Axes
  1760 | D:3      | Reached XP level 5. HP: 24/47 MP: 4/4
  2497 | D:4      | Reached skill level 5 in Axes
  2506 | D:4      | Reached XP level 6. HP: 55/55 MP: 5/5
  2573 | D:4      | Reached skill level 5 in Fighting
  2573 | D:4      | Reached skill level 5 in Armour
  2573 | D:4      | Reached skill level 5 in Shields
  2574 | D:4      | Reached * piety under Okawaru
  2672 | D:4      | You fall through a shaft!
  2672 | D:5      | Entered Level 5 of the Dungeon
  2980 | D:5      | Reached skill level 6 in Axes
  2984 | D:5      | Reached XP level 7. HP: 61/61 MP: 6/6
  3181 | D:5      | Found a sand-covered staircase.
  3185 | Ossuary  | Entered an ossuary
  3185 | Ossuary  | Noticed a wraith
  3185 | Ossuary  | Noticed a wraith
  3185 | Ossuary  | Noticed a wraith
  3262 | Ossuary  | Reached ** piety under Okawaru
  3517 | Ossuary  | Noticed a wraith
  3529 | Ossuary  | Killed a wraith
  3529 | Ossuary  | Reached skill level 7 in Axes
  3529 | Ossuary  | Reached skill level 1 in Invocations
  4100 | D:5      | Reached XP level 8. HP: 44/70 MP: 6/8
  4318 | D:5      | Found a staircase to the Ecumenical Temple.
  4324 | Temple   | Entered the Ecumenical Temple
  5468 | D:6      | Reached skill level 8 in Axes
  6200 | D:6      | Reached skill level 9 in Axes
  6585 | D:6      | Reached XP level 9. HP: 79/79 MP: 10/10
  7060 | D:7      | Reached skill level 10 in Axes
  7204 | D:7      | Noticed a cyclops
  7217 | D:7      | Killed a cyclops
  7217 | D:7      | Reached *** piety under Okawaru
  7294 | D:7      | Noticed a white ugly thing
  7302 | D:7      | Killed a white ugly thing
  7302 | D:7      | Reached skill level 11 in Axes
  7461 | D:7      | Reached XP level 10. HP: 51/90 MP: 9/12
  7468 | D:7      | Noticed Menkaure
  7472 | D:7      | Killed Menkaure
  7718 | D:7      | Noticed Pikel
  7726 | D:7      | Killed Pikel
  7726 | D:7      | Reached **** piety under Okawaru
  7859 | D:7      | Killed an unseen horror
  7859 | D:7      | Reached skill level 12 in Axes
  7861 | D:7      | Got a heavily runed plate armour
  8061 | D:7      | Identified the cursed +1 plate armour of the Lion {rN+ Regen+ Int+3} (You took it off a wight on level 7 of the Dungeon)
  9054 | D:8      | Reached ***** piety under Okawaru
  9583 | D:9      | Noticed a two-headed ogre
  9593 | D:9      | Killed a two-headed ogre
  9593 | D:9      | Received a gift from Okawaru
  9593 | D:9      | Reached skill level 10 in Fighting
  9593 | D:9      | Reached skill level 10 in Armour
  9614 | D:9      | Reached skill level 13 in Axes
  9753 | D:9      | Reached XP level 11. HP: 99/99 MP: 10/13
 10424 | D:9      | Noticed a two-headed ogre
 10432 | D:9      | Killed a two-headed ogre
 10482 | D:9      | Noticed Prince Ribbit
 10489 | D:9      | Killed Prince Ribbit
 10759 | D:10     | Entered Level 10 of the Dungeon
 10802 | D:10     | Reached skill level 5 in Invocations
 10909 | D:10     | Killed an unseen horror
 10958 | D:10     | Found a staircase to the Lair.
 10960 | D:10     | Noticed an oklob plant
 10963 | D:10     | Noticed Grum
 10968 | D:10     | Killed an oklob plant
 10971 | D:10     | Received a gift from Okawaru
 10975 | D:10     | Killed Grum
 11077 | D:10     | Reached skill level 14 in Axes
 11566 | Lair:1   | Entered Level 1 of the Lair of Beasts
 12211 | Lair:1   | Received a gift from Okawaru
 12404 | Lair:2   | Reached XP level 12. HP: 110/110 MP: 12/15
 12460 | Lair:2   | Noticed a six-headed hydra
 12465 | Lair:2   | Killed a six-headed hydra
 12871 | Lair:2   | Reached skill level 15 in Axes
 13253 | Lair:3   | Noticed a six-headed hydra
 13260 | Lair:3   | Killed a six-headed hydra
 13587 | Lair:3   | Found a staircase to the Snake Pit.
 13987 | Lair:4   | Found a staircase to the Swamp.
 14010 | Lair:4   | Noticed an eight-headed hydra
 14012 | Lair:4   | Noticed an ettin
 14012 | Lair:4   | an eight-headed hydra changed into an ettin
 14021 | Lair:4   | Killed an ettin
 14021 | Lair:4   | Received a gift from Okawaru
 14791 | Lair:4   | Reached skill level 16 in Axes
 15094 | Lair:5   | Noticed a five-headed hydra
 15104 | Lair:5   | Killed a five-headed hydra
 15180 | Lair:5   | Reached XP level 13. HP: 119/119 MP: 17/17
 15880 | Lair:6   | Entered Level 6 of the Lair of Beasts
 15900 | Lair:6   | Received a gift from Okawaru
 15922 | Lair:6   | Reached skill level 1 in Dodging
 16741 | Lair:6   | Found a burning altar of Makhleb.
 16753 | Lair:6   | Received a gift from Okawaru
 16787 | Lair:6   | Found a gateway to Hell.
 16961 | Lair:6   | Reached skill level 17 in Axes
 17618 | Lair:6   | Found a staircase to the Slime Pits.
 18253 | D:11     | Found a labyrinth entrance.
 18778 | D:12     | Found a roughly hewn altar of Beogh.
 18828 | D:11     | Reached skill level 5 in Dodging
 19292 | D:12     | Found a roughly hewn altar of Beogh.
 19292 | D:12     | Found a staircase to the Orcish Mines.
 19903 | D:12     | Reached XP level 14. HP: 129/129 MP: 19/19
 20216 | Orc:1    | Entered Level 1 of the Orcish Mines
 20244 | Orc:1    | Received a gift from Okawaru
 20624 | Orc:2    | Entered Level 2 of the Orcish Mines
 20685 | Orc:2    | Found a frozen archway.
 20731 | IceCv    | Entered an ice cave
 20744 | IceCv    | Found a transporter.
 20978 | Orc:2    | Reached skill level 18 in Axes
 21069 | Orc:2    | Received a gift from Okawaru
 21147 | Orc:2    | Found Lisydeni's Distillery.
 21147 | Orc:2    | Found Naryser's Distillery.
 21147 | Orc:2    | Found Veeneh's Magic Scroll Shop.
 21147 | Orc:2    | Found Qymnevan's Armour Shoppe.
 21687 | Orc:2    | Found a staircase to the Elven Halls.
 22386 | D:13     | Noticed 4thArraOfDagon's ghost (journeyman FoWr)
 22396 | D:13     | Killed 4thArraOfDagon's ghost
 22413 | D:13     | Noticed Urug
 22426 | D:13     | Killed Urug
 22977 | D:13     | Reached skill level 19 in Axes
 22984 | D:13     | Found Geseg's Distillery.
 23331 | D:13     | Noticed Rupert
 23343 | D:13     | Killed Rupert
 23343 | D:13     | Received a gift from Okawaru
 23343 | D:13     | Reached XP level 15. HP: 139/139 MP: 12/20
 23348 | D:13     | Got a brightly glowing hat {god gift}
 23354 | D:13     | Identified the +0 hat "Jajolaops" {+Fly rElec rCorr Stlth+} (Okawaru gifted it to you on level 13 of the Dungeon)
 23463 | D:14     | Found a gate to the Vaults.
 23530 | D:14     | Reached skill level 10 in Shields
 24173 | D:15     | Entered Level 15 of the Dungeon
 24846 | D:15     | Reached skill level 15 in Fighting
 24967 | D:15     | Found a staircase to the Depths.
 25001 | D:15     | Reached skill level 20 in Axes
 25985 | Swamp:1  | Entered Level 1 of the Swamp
 26045 | Swamp:1  | Found a runed door.
 26055 | Swamp:1  | Got a steaming spear
 26057 | Swamp:1  | Identified the +10 spear of Uskayaw's Whim {holy, rPois rN+ Stlth+} (You found it on level 1 of the Swamp)
 26659 | Swamp:2  | Reached ****** piety under Okawaru
 27072 | Swamp:2  | Reached skill level 10 in Dodging
 27072 | Swamp:2  | Reached XP level 16. HP: 134/149 MP: 21/21
 27263 | Swamp:2  | Received a gift from Okawaru
 28122 | Swamp:3  | Noticed Donald
 28149 | Swamp:3  | Killed Donald
 28706 | Swamp:3  | Noticed Roxanne
 28722 | Swamp:4  | Entered Level 4 of the Swamp
 29242 | Swamp:4  | Noticed a thorn hunter
 29242 | Swamp:4  | Reached skill level 21 in Axes
 29265 | Swamp:4  | Killed a thorn hunter
 30771 | Swamp:4  | Noticed Gorglomux's ghost (adept MiEE)
 30788 | Swamp:4  | Killed Gorglomux's ghost
 30788 | Swamp:4  | Received a gift from Okawaru
 30924 | Swamp:4  | Got a decaying rune of Zot
 32100 | Snake:1  | Entered Level 1 of the Snake Pit
 32124 | Snake:1  | Noticed matakusis's ghost (journeyman DESu)
 32146 | Snake:1  | Noticed a sphinx
 32148 | Snake:1  | Killed matakusis's ghost
 32150 | Snake:1  | Noticed Frances
 32418 | Snake:1  | Killed Frances
 32750 | Snake:1  | You are sucked into a shaft!
 32756 | Snake:2  | Noticed Aizul
 32772 | Snake:2  | Killed Aizul
 32773 | Snake:2  | Reached XP level 17. HP: 35/159 MP: 22/22
 33344 | Snake:1  | Found Mena's Gadget Shop.
 33345 | Snake:1  | Found Opnainis's Jewellery Emporium.
 33345 | Snake:1  | Found Futhuroam's Jewellery Emporium.
 33360 | Snake:1  | Bought a wand of digging (10) for 392 gold pieces
 33956 | Snake:1  | Found a runed door.
 35061 | Snake:3  | Reached skill level 22 in Axes
 35229 | Snake:3  | Noticed Vashnia
 35244 | Snake:3  | HP: 7/160 [naga sharpshooter/arrow[Vashnia] (18)]
 35248 | Snake:3  | Demolished by a naga warrior

Vault maps used:
D:1:      lemuel_arrival_rhombus, evilmike_ruin_ashenzari
D:2:      chequers_temple_overflow_statue_of_worship, kennysheep_another_room,
          minmay_octomino_e4
D:4:      serial_bayou_lake_a
D:5:      minmay_temple_entry_enclosed_plants, first_ration, enter_ossuary_5,
          lightli_corner_chamber
D:6:      serial_glass, glass_columns_c, glass_columns_c, item_on_display_a,
          minmay_strange_pillars, minmay_misc_feat_cross, minivault_23
D:7:      minmay_the_grid_octo_tiled_squarecenter, grunt_ogre_cave,
          minmay_nine_imps, uniq_menkaure, uniq_pikel
D:9:      uniq_prince_ribbit1
D:10:     dpeg_oklobed_lair, lightli_minifort, uniq_grum
D:11:     lab_entry_generic
D:12:     david_orc_5, enter_bailey_7
D:13:     serial_shops, shop_fountains, eino_tiny_chamber, uniq_urug,
          uniq_rupert
D:14:     david_vaults_2
D:15:     gammafunk_depths_entry_grave, hangedman_abyss_or_decor_lesser_grid
Temple:   regret_index_temple_mists
Lair:1:   serial_bayou_crossing, infiniplex_staircase_pool, grunt_megastairs_1
Lair:2:   grunt_megastairs_2
Lair:3:   minmay_snake_entry_guardpost_small
Lair:4:   swamp_mist, dpeg_oklob_1
Lair:6:   evil_forest, minmay_slime_entry_eyes, special_room
Swamp:1:  gammafunk_mikee_crab_dinner, evilmike_swamp_ruin_house_2, uniq_louise
Swamp:2:  hangedman_swamp_ruin_wall
Swamp:3:  nicolae_swamp_feature_on_the_river_bank, infiniplex_staircase_pool_2,
          uniq_donald, uniq_roxanne
Swamp:4:  swamp, swamp_pool1, hangedman_swamp_diagram
Snake:1:  lightli_airlock, minmay_shop_grove, uniq_frances
Snake:2:  uniq_aizul
Snake:3:  serial_bayou_lagoon_b, uniq_jorgrun, uniq_asterion, uniq_vashnia
Orc:2:    st_orc_ogre_mass, portal_ice_cave_demonic_guard
Ossuary:  ossuary_kennysheep_city_of_the_dead
IceCv:    ice_cave_statue_garden_teleport

Skill      XL: |  1  2  3  4  5  6  7  8  9 10 11 12 13 14 15 16 17 |
---------------+----------------------------------------------------+-----
Axes           | 3 4 5 6 7 9 11 13 14 16 17 19 20 21 22 | 22.0
Fighting       | 4 5 6 7 8 10 11 12 13 14 15 16 | 16.8
Armour         | 4 5 6 7 8 10 11 12 13 | 13.3
Shields        | 4 5 6 7 9 11 | 11.0
Invocations    | 1 3 4 6 7 8 |  8.0
Dodging        | 5 7 10 12 | 12.9

Action                   |  1- 3 |  4- 6 |  7- 9 | 10-12 | 13-15 | 16-18 || total
-------------------------+-------+-------+-------+-------+-------+-------++-------
Melee: War axe           |   105 |   115 |   352 |   609 |  1066 |       ||  2247
       Headbutt          |    13 |    23 |    53 |   153 |   296 |   121 ||   659
       Battleaxe         |       |       |       |       |   118 |   534 ||   652
Throw: Throwing net      |       |       |     1 |       |       |       ||     1
Invok: Heroism           |       |       |    28 |    45 |    40 |    19 ||   132
       Finesse           |       |       |       |     6 |    15 |    11 ||    32
 Abil: Stop Flying       |       |       |       |       |     1 |       ||     1
       Evoke Flight      |       |       |       |       |     1 |       ||     1
Evoke: Wand              |       |       |       |    15 |    23 |       ||    38
  Use: Scroll            |       |     3 |     7 |    22 |    14 |     9 ||    55
       Potion            |       |       |       |     1 |     2 |    11 ||    14
 Stab: Distracted        |       |       |     1 |       |     2 |       ||     3
       Confused          |       |       |       |       |       |     1 ||     1
  Eat: Chunk             |     1 |     6 |    11 |    32 |    24 |     9 ||    83
       Ration            |       |       |     1 |       |     4 |     5 ||    10
Armor: Scale mail        |    38 |    36 |    89 |    17 |       |       ||   180
       Plate armour      |       |       |       |   133 |   373 |   273 ||   779
Dodge: Dodged            |    35 |    23 |    67 |    50 |   271 |   336 ||   782
Block: Shield            |    56 |    65 |   119 |    16 |       |       ||   256
       Large shield      |       |       |       |   377 |   747 |       ||  1124
       Reflection        |       |       |       |    13 |    36 |       ||    49
       Other             |       |       |       |       |     7 |    23 ||    30

Table legend:
 A = Spawn XP
 B = Non-spawn XP
 C = Spawn XP percentage of total XP
 D = Spawn monster count
 E = Non-spawn monster count
 F = Spawn count percentage of total count
 G = Total turns spent on level
                    A         B        C        D         E        F      G
               +---------+---------+-------+---------+---------+-------+---------
         Total |       0 |  233861 |   0.0 |       0 |    1037 |   0.0 | 35248
               +---------+---------+-------+---------+---------+-------+---------
           D:1 |       0 |      49 |   0.0 |       0 |      25 |   0.0 |   541
           D:2 |       0 |     104 |   0.0 |       0 |      25 |   0.0 |  1122
           D:3 |       0 |     145 |   0.0 |       0 |      21 |   0.0 |   840
           D:4 |       0 |     375 |   0.0 |       0 |      18 |   0.0 |   973
           D:5 |       0 |     642 |   0.0 |       0 |      16 |   0.0 |   906
           D:6 |       0 |    1338 |   0.0 |       0 |      38 |   0.0 |  1487
           D:7 |       0 |    5466 |   0.0 |       0 |      74 |   0.0 |  2076
           D:8 |       0 |    1362 |   0.0 |       0 |      23 |   0.0 |   846
           D:9 |       0 |    4255 |   0.0 |       0 |      42 |   0.0 |  1194
          D:10 |       0 |    4006 |   0.0 |       0 |      32 |   0.0 |   882
          D:11 |       0 |    2268 |   0.0 |       0 |      29 |   0.0 |  1325
          D:12 |       0 |    4683 |   0.0 |       0 |      81 |   0.0 |  1060
          D:13 |       0 |   12414 |   0.0 |       0 |      41 |   0.0 |  1108
          D:14 |       0 |   14019 |   0.0 |       0 |      47 |   0.0 |   776
          D:15 |       0 |   24706 |   0.0 |       0 |      58 |   0.0 |  1658
        Lair:1 |       0 |    3032 |   0.0 |       0 |      14 |   0.0 |   802
        Lair:2 |       0 |    4016 |   0.0 |       0 |      17 |   0.0 |   836
        Lair:3 |       0 |    3852 |   0.0 |       0 |      18 |   0.0 |  1134
        Lair:4 |       0 |    6682 |   0.0 |       0 |      28 |   0.0 |  1107
        Lair:5 |       0 |    3089 |   0.0 |       0 |      12 |   0.0 |   825
        Lair:6 |       0 |   20172 |   0.0 |       0 |      77 |   0.0 |  1995
       Swamp:1 |       0 |    4952 |   0.0 |       0 |      17 |   0.0 |   905
       Swamp:2 |       0 |   10100 |   0.0 |       0 |      35 |   0.0 |   842
       Swamp:3 |       0 |   16082 |   0.0 |       0 |      36 |   0.0 |  1753
       Swamp:4 |       0 |   32465 |   0.0 |       0 |      54 |   0.0 |  2586
       Snake:1 |       0 |   11119 |   0.0 |       0 |      20 |   0.0 |  1751
       Snake:2 |       0 |   11918 |   0.0 |       0 |      21 |   0.0 |   959
       Snake:3 |       0 |    4376 |   0.0 |       0 |       7 |   0.0 |   196
         Orc:1 |       0 |    2206 |   0.0 |       0 |      27 |   0.0 |   449
         Orc:2 |       0 |   20858 |   0.0 |       0 |      60 |   0.0 |  1020
       Ossuary |       0 |     392 |   0.0 |       0 |      14 |   0.0 |   881
         IceCv |       0 |    2718 |   0.0 |       0 |      10 |   0.0 |   239
               +---------+---------+-------+---------+---------+-------+---------
